Connexion

BUFFALO Sabres vs ARIZONA Coyotes

Created - 15 novembre 2023 at 05:45

Goals
1 2 3 T
BUFFALO Sabres 0 0 2 2
ARIZONA Coyotes 2 1 2 5
Shots
1 2 3 T
BUFFALO Sabres 4 10 10 24
ARIZONA Coyotes 10 7 12 29

GoalsPenalties
1st period
1. ARIZONA Coyotes , Tucker Poolman 4 (Justin Abdelkader 6, Dillon Dube 12) at 11:19
2. ARIZONA Coyotes , Vince Dunn 4 (Brayden Point 20, Victor Olofsson 17) at 13:46 (PP)
Michael Del Zotto (BUF) for Interference (Minor) at 13:05
2nd period
3. ARIZONA Coyotes , Madison Bowey 10 (Nazem Kadri 25) at 16:40 (PP)
Vince Dunn (ARI) for Interference (Minor) at 8:09
Nelson Nogier (BUF) for Roughing (Minor) at 16:38
Dillon Dube (ARI) for Holding (Minor) at 19:47
3rd period
4. BUFFALO Sabres , Robby Fabbri 21 (Hampus Lindholm 30, Timothy Liljegren 18) at 0:14 (PP)
5. BUFFALO Sabres , Sam Gagner 14 (Hampus Lindholm 31, Timothy Liljegren 19) at 6:52
6. ARIZONA Coyotes , Nazem Kadri 16 (Matt Boldy 14, Matthew Tkachuk 23) at 8:23
7. ARIZONA Coyotes , Dillon Dube 4 (Vince Dunn 24, Carl Hagelin 7) at 16:49
Dougie Hamilton (ARI) for Roughing (Minor) at 3:03
Eetu Luostarinen (BUF) for Hooking (Minor) at 3:03
Timo Meier (ARI) for Hooking (Minor) at 13:43
Goalie Stats
Michael Hutchinson (BUF), 6 saves from 7 shots - (0,857), 11:37 minutes
Thatcher Demko (BUF), 18 saves from 22 shots - (0,818), L, 11-11-1, 48:23 minutes
Andrei Vasilevsky (ARI), 22 saves from 24 shots - (0,917), W, 14-10-0, 60:00 minutes
3 StarsOfficial
1 - Vince Dunn (ARI)
2 - Madison Bowey (ARI)
3 - Dillon Dube (ARI)
Referees : Tim Peel and Chris Ciamaga
Linesman : Pierre Racicot and Dan Schachte
Game Note
Michael Hutchinson enters game at 8:23 of 3rd period
Robby Fabbri is injured at 15:01 of 3rd period (Right Hand)
Finance
Level 1 -- Attendance: 5673 (94,55%) -- Ticket Income 765 855 $
Level 2 -- Attendance: 3574 (86,64%) -- Ticket Income 364 548 $
Level 3 -- Attendance: 939 (46,95%) -- Ticket Income 91 083 $
Level 4 -- Attendance: 4000 (100,00%) -- Ticket Income 148 000 $
Luxury Box -- Attendance: 985 (98,50%) -- Ticket Income 249 205 $
Game was played at the Jobing.com Arena.
Total Attendance: 15171 (88,59%)
Total Ticket Income: 1 618 691 $
Other Income: 323 738 $
Total Income: 1 942 429 $



Team Name Goals Shots Shots Attemp Shots Blocked PIM HIT PP PK FO%
BUFFALO Sabres 2245676181 / 3 (33%)251%
ARIZONA Coyotes 5294888302 / 2 (100%)149%

BUFFALO Sabres
Player Name POS G A P +/- PIM HIT SHT SB MP PP MP PP SHT PK MP PK SHT FO% FOT
Anton BlidhLW000000007:360:0000:000100% 1
Brandon SaadLW/RW0000002022:482:4400:00020% 5
Conor ShearyLW/RW0000011016:401:4100:000100% 1
Eetu LuostarinenC000-2201012:060:0000:00059% 17
Hampus LindholmD022-1010326:302:4200:2600% 0
Ivan BarbashevC/LW/RW000-2002012:070:0000:000100% 1
Jesper BoqvistC/LW000000007:190:0000:00014% 7
Joe HickettsD000-1001013:590:0000:0000% 0
Joel FarabeeLW000-2024012:400:3310:0000% 0
Michael Del ZottoD000-1200113:400:0000:0000% 0
Mikhail GrigorenkoC/LW/RW000-1013016:021:4100:000100% 2
Nelson NogierD0000210219:481:4300:1700% 0
Robby FabbriC/LW1011015021:112:1140:00050% 4
Ryan JohansenC0000020016:351:4100:43052% 23
Sam GagnerC/LW/RW1010023023:302:4400:19050% 26
Timothy LiljegrenD022-1041126:302:4200:2600% 0
Tyler MyersD0000030019:311:4300:1700% 0
Warren FoegeleLW/RW000000108:430:0000:24050% 2
ARIZONA Coyotes
Player Name POS G A P +/- PIM HIT SHT SB MP PP MP PP SHT PK MP PK SHT FO% FOT
Beau Starret C/LW000000000:000:0000:0000% 0
Braden SchneiderD0001000011:320:0000:4300% 0
Brayden PointC/RW0110004020:110:4102:18044% 34
Carl HagelinLW/RW0112011014:220:0002:22025% 4
Dillon DubeC/LW/RW1122212012:170:0000:18030% 10
Dougie HamiltonD0000220223:480:0201:5100% 0
Justin AbdelkaderC/LW0112020112:000:0000:000100% 2
Klim KostinC000000204:160:0000:00075% 4
Madison BoweyD1010061025:170:0211:5100% 0
Matt BoldyLW/RW0110012020:020:0200:0000% 0
Matthew TkachukLW/RW0110042022:210:0202:190100% 1
Nazem KadriC/LW/RW1120007021:590:0200:33057% 30
Sean DurziD0001051123:110:4101:5100% 0
Timo MeierLW/RW0000232018:580:4100:1700% 1
Travis BoydC/LW/RW000000004:590:0000:430100% 1
Tucker PoolmanD1011002013:250:0001:0800% 0
Victor OlofssonLW/RW0110012022:090:4100:00050% 2
Vince DunnD1121241422:450:4111:2600% 0



Play-by-Play

1st period


0:01 of 1st period - Nazem Kadri wins face-off versus Sam Gagner in neutral zone.
0:30 of 1st period - Shot by Sam Gagner.
0:30 of 1st period - Deflect By Robby Fabbri.
0:30 of 1st period - Shot Misses the Net.
0:32 of 1st period - Shot by Timothy Liljegren.
0:32 of 1st period - Shot Misses the Net.
0:34 of 1st period - Shot by Robby Fabbri.
0:34 of 1st period - Shot Misses the Net.
0:36 of 1st period - Shot by Hampus Lindholm.
0:36 of 1st period - Shot Blocked by Dougie Hamilton.
0:38 of 1st period - Shot by Timothy Liljegren.
0:38 of 1st period - Stopped by Andrei Vasilevsky without a rebound.
0:39 of 1st period - Brayden Point wins face-off versus Ryan Johansen in ARIZONA Coyotes zone.
0:39 of 1st period - Brayden Point is hit by Tyler Myers.
0:57 of 1st period - Shot by Brayden Point.
0:57 of 1st period - Stopped by Thatcher Demko without a rebound.
0:58 of 1st period - Ivan Barbashev wins face-off versus Dillon Dube in BUFFALO Sabres zone.
1:23 of 1st period - Shot by Carl Hagelin.
1:23 of 1st period - Stopped by Thatcher Demko without a rebound.
1:24 of 1st period - Klim Kostin wins face-off versus Jesper Boqvist in BUFFALO Sabres zone.
2:30 of 1st period - Icing by Nelson Nogier.
2:31 of 1st period - Nazem Kadri wins face-off versus Ryan Johansen in BUFFALO Sabres zone.
4:30 of 1st period - Timothy Liljegren is hit by Justin Abdelkader and loses puck.
4:50 of 1st period - Off-side.
4:51 of 1st period - Ryan Johansen wins face-off versus Brayden Point in neutral zone.
5:02 of 1st period - Shot by Mikhail Grigorenko.
5:02 of 1st period - Shot Misses the Net.
5:10 of 1st period - Shot by Conor Sheary.
5:10 of 1st period - Shot Blocked by Vince Dunn.
5:12 of 1st period - Shot by Ryan Johansen.
5:12 of 1st period - Shot Misses the Net.
5:22 of 1st period - Shot by Mikhail Grigorenko.
5:22 of 1st period - Stopped by Andrei Vasilevsky with a rebound.
5:24 of 1st period - Shot by Mikhail Grigorenko.
5:24 of 1st period - Stopped by Andrei Vasilevsky with a rebound.
5:30 of 1st period - Shot by Conor Sheary.
5:30 of 1st period - Shot Misses the Net.
5:53 of 1st period - Off-side.
5:54 of 1st period - Warren Foegele wins face-off versus Dillon Dube in neutral zone.
5:54 of 1st period - Hampus Lindholm is hit by Dillon Dube.
6:24 of 1st period - Off-side.
6:25 of 1st period - Nazem Kadri wins face-off versus Sam Gagner in neutral zone.
6:25 of 1st period - Nazem Kadri is hit by Robby Fabbri.
6:41 of 1st period - Shot by Matt Boldy.
6:41 of 1st period - Deflect By Nazem Kadri.
6:41 of 1st period - Stopped by Thatcher Demko without a rebound.
6:42 of 1st period - Brayden Point wins face-off versus Eetu Luostarinen in BUFFALO Sabres zone.
6:51 of 1st period - Shot by Brayden Point.
6:51 of 1st period - Stopped by Thatcher Demko without a rebound.
6:52 of 1st period - Sam Gagner wins face-off versus Nazem Kadri in BUFFALO Sabres zone.
7:26 of 1st period - Hampus Lindholm is hit by Matt Boldy and loses puck.
7:30 of 1st period - Hampus Lindholm is hit by Madison Bowey and loses puck.
8:12 of 1st period - Icing by Tyler Myers.
8:13 of 1st period - Mikhail Grigorenko wins face-off versus Dillon Dube in BUFFALO Sabres zone.
8:51 of 1st period - Off-side.
8:52 of 1st period - Eetu Luostarinen wins face-off versus Brayden Point in neutral zone.
9:11 of 1st period - Shot by Eetu Luostarinen.
9:11 of 1st period - Shot Misses the Net.
9:24 of 1st period - Icing by Vince Dunn.
9:25 of 1st period - Sam Gagner wins face-off versus Brayden Point in ARIZONA Coyotes zone.
10:10 of 1st period - Shot by Robby Fabbri.
10:10 of 1st period - Shot Misses the Net.
10:35 of 1st period - Conor Sheary is hit by Dougie Hamilton and loses puck.
11:17 of 1st period - Shot by Justin Abdelkader.
11:17 of 1st period - Shot Misses the Net.
11:19 of 1st period - Shot by Tucker Poolman.
11:19 of 1st period - Goal by Tucker Poolman - BUFFALO Sabres : 0 - ARIZONA Coyotes : 1.
11:20 of 1st period - Jesper Boqvist wins face-off versus Klim Kostin in neutral zone.
12:56 of 1st period - Icing by Michael Del Zotto.
12:57 of 1st period - Dillon Dube wins face-off versus Sam Gagner in BUFFALO Sabres zone.
13:00 of 1st period - Shot by Justin Abdelkader.
13:00 of 1st period - Deflect By Carl Hagelin.
13:00 of 1st period - Shot Misses the Net.
13:02 of 1st period - Shot by Braden Schneider.
13:02 of 1st period - Shot Blocked by Michael Del Zotto.
13:04 of 1st period - Shot by Tucker Poolman.
13:04 of 1st period - Stopped by Thatcher Demko with a rebound.
13:05 of 1st period - Minor Penalty to Michael Del Zotto for Interference.
13:06 of 1st period - Ryan Johansen wins face-off versus Brayden Point in BUFFALO Sabres zone.
13:06 of 1st period - Ryan Johansen is hit by Timo Meier.
13:46 of 1st period - Shot by Vince Dunn.
13:46 of 1st period - Goal by Vince Dunn - BUFFALO Sabres : 0 - ARIZONA Coyotes : 2.
13:47 of 1st period - Eetu Luostarinen wins face-off versus Nazem Kadri in neutral zone.
13:50 of 1st period - Shot by Eetu Luostarinen.
13:50 of 1st period - Deflect By Joel Farabee.
13:50 of 1st period - Shot Misses the Net.
14:05 of 1st period - Shot by Matt Boldy.
14:05 of 1st period - Stopped by Thatcher Demko without a rebound.
14:06 of 1st period - Justin Abdelkader wins face-off versus Jesper Boqvist in BUFFALO Sabres zone.
14:14 of 1st period - Icing by Jesper Boqvist.
14:15 of 1st period - Brayden Point wins face-off versus Jesper Boqvist in BUFFALO Sabres zone.
14:31 of 1st period - Warren Foegele is hit by Vince Dunn and loses puck.
14:35 of 1st period - Anton Blidh is hit by Sean Durzi.
15:14 of 1st period - Timothy Liljegren is hit by Matthew Tkachuk and loses puck.
16:04 of 1st period - Off-side.
16:05 of 1st period - Dillon Dube wins face-off versus Ryan Johansen in neutral zone.
16:05 of 1st period - Justin Abdelkader is hit by Mikhail Grigorenko and loses puck.
16:46 of 1st period - Shot by Mikhail Grigorenko.
16:46 of 1st period - Shot Misses the Net.
17:18 of 1st period - Off-side.
17:19 of 1st period - Brayden Point wins face-off versus Jesper Boqvist in neutral zone.
17:38 of 1st period - Shot by Warren Foegele.
17:38 of 1st period - Stopped by Andrei Vasilevsky without a rebound.
17:39 of 1st period - Sam Gagner wins face-off versus Nazem Kadri in ARIZONA Coyotes zone.
17:56 of 1st period - Shot by Nazem Kadri.
17:56 of 1st period - Stopped by Thatcher Demko with a rebound.
17:58 of 1st period - Shot by Matt Boldy.
17:58 of 1st period - Stopped by Thatcher Demko without a rebound.
17:59 of 1st period - Ryan Johansen wins face-off versus Brayden Point in BUFFALO Sabres zone.
18:57 of 1st period - Icing by Ryan Johansen.
18:58 of 1st period - Ryan Johansen wins face-off versus Nazem Kadri in BUFFALO Sabres zone.
19:35 of 1st period - Shot by Nazem Kadri.
19:35 of 1st period - Shot Blocked by Nelson Nogier.
Goals for this period are 0 for BUFFALO Sabres vs 2 for ARIZONA Coyotes .
Shots for this period are 4 for BUFFALO Sabres vs 10 for ARIZONA Coyotes .

2nd period


0:01 of 2nd period - Eetu Luostarinen wins face-off versus Victor Olofsson in neutral zone.
0:12 of 2nd period - Shot by Eetu Luostarinen.
0:12 of 2nd period - Shot Blocked by Vince Dunn.
1:27 of 2nd period - Shot by Nazem Kadri.
1:27 of 2nd period - Deflect By Matt Boldy.
1:27 of 2nd period - Shot Misses the Net.
1:56 of 2nd period - Sam Gagner is hit by Madison Bowey and loses puck.
2:27 of 2nd period - Shot by Carl Hagelin.
2:27 of 2nd period - Shot Misses the Net.
2:29 of 2nd period - Shot by Carl Hagelin.
2:29 of 2nd period - Deflect By Dillon Dube.
2:29 of 2nd period - Stopped by Thatcher Demko without a rebound.
2:30 of 2nd period - Klim Kostin wins face-off versus Ryan Johansen in BUFFALO Sabres zone.
2:30 of 2nd period - Klim Kostin is hit by Timothy Liljegren.
2:44 of 2nd period - Shot by Klim Kostin.
2:44 of 2nd period - Shot Misses the Net.
3:00 of 2nd period - Shot by Klim Kostin.
3:00 of 2nd period - Stopped by Thatcher Demko without a rebound.
3:01 of 2nd period - Eetu Luostarinen wins face-off versus Carl Hagelin in BUFFALO Sabres zone.
3:22 of 2nd period - Shot by Joel Farabee.
3:22 of 2nd period - Stopped by Andrei Vasilevsky without a rebound.
3:23 of 2nd period - Anton Blidh wins face-off versus Brayden Point in ARIZONA Coyotes zone.
3:27 of 2nd period - Icing by Brayden Point.
3:28 of 2nd period - Brayden Point wins face-off versus Ryan Johansen in ARIZONA Coyotes zone.
3:50 of 2nd period - Off-side.
3:51 of 2nd period - Eetu Luostarinen wins face-off versus Nazem Kadri in neutral zone.
4:08 of 2nd period - Shot by Ivan Barbashev.
4:08 of 2nd period - Stopped by Andrei Vasilevsky without a rebound.
4:09 of 2nd period - Sam Gagner wins face-off versus Brayden Point in ARIZONA Coyotes zone.
4:09 of 2nd period - Brandon Saad is hit by Dougie Hamilton and loses puck.
4:18 of 2nd period - Shot by Timo Meier.
4:18 of 2nd period - Deflect By Victor Olofsson.
4:18 of 2nd period - Stopped by Thatcher Demko without a rebound.
4:19 of 2nd period - Ryan Johansen wins face-off versus Brayden Point in BUFFALO Sabres zone.
4:19 of 2nd period - Ryan Johansen is hit by Timo Meier.
5:17 of 2nd period - Mikhail Grigorenko is hit by Madison Bowey.
5:58 of 2nd period - Shot by Brandon Saad.
5:58 of 2nd period - Stopped by Andrei Vasilevsky with a rebound.
6:13 of 2nd period - Icing by Brandon Saad.
6:14 of 2nd period - Sam Gagner wins face-off versus Carl Hagelin in BUFFALO Sabres zone.
6:40 of 2nd period - Off-side.
6:41 of 2nd period - Brayden Point wins face-off versus Eetu Luostarinen in neutral zone.
7:07 of 2nd period - Ivan Barbashev is hit by Vince Dunn and loses puck.
7:12 of 2nd period - Shot by Eetu Luostarinen.
7:12 of 2nd period - Shot Misses the Net.
7:17 of 2nd period - Joel Farabee is hit by Vince Dunn and loses puck.
7:20 of 2nd period - Shot by Eetu Luostarinen.
7:20 of 2nd period - Stopped by Andrei Vasilevsky with a rebound.
7:25 of 2nd period - Ivan Barbashev is hit by Vince Dunn and loses puck.
7:50 of 2nd period - Conor Sheary is hit by Sean Durzi and loses puck.
7:55 of 2nd period - Shot by Ryan Johansen.
7:55 of 2nd period - Shot Blocked by Vince Dunn.
8:00 of 2nd period - Mikhail Grigorenko is hit by Sean Durzi.
8:09 of 2nd period - Minor Penalty to Vince Dunn for Interference.
8:10 of 2nd period - Sam Gagner wins face-off versus Carl Hagelin in ARIZONA Coyotes zone.
8:23 of 2nd period - Shot by Sam Gagner.
8:23 of 2nd period - Shot Misses the Net.
8:25 of 2nd period - Shot by Robby Fabbri.
8:25 of 2nd period - Stopped by Andrei Vasilevsky without a rebound.
8:26 of 2nd period - Carl Hagelin wins face-off versus Sam Gagner in ARIZONA Coyotes zone.
8:44 of 2nd period - Off-side.
8:45 of 2nd period - Ryan Johansen wins face-off versus Brayden Point in neutral zone.
9:14 of 2nd period - Shot by Conor Sheary.
9:14 of 2nd period - Deflect By Ryan Johansen.
9:14 of 2nd period - Shot Misses the Net.
9:26 of 2nd period - Nazem Kadri is hit by Conor Sheary and loses puck.
9:57 of 2nd period - Tucker Poolman is hit by Sam Gagner and loses puck.
10:16 of 2nd period - Shot by Eetu Luostarinen.
10:16 of 2nd period - Shot Misses the Net.
10:18 of 2nd period - Shot by Joe Hicketts.
10:18 of 2nd period - Stopped by Andrei Vasilevsky without a rebound.
10:19 of 2nd period - Matthew Tkachuk wins face-off versus Warren Foegele in ARIZONA Coyotes zone.
11:21 of 2nd period - Icing by Braden Schneider.
11:22 of 2nd period - Sam Gagner wins face-off versus Dillon Dube in ARIZONA Coyotes zone.
11:25 of 2nd period - Shot by Brandon Saad.
11:25 of 2nd period - Stopped by Andrei Vasilevsky without a rebound.
11:26 of 2nd period - Brandon Saad wins face-off versus Brayden Point in ARIZONA Coyotes zone.
12:58 of 2nd period - Shot by Carl Hagelin.
12:58 of 2nd period - Shot Misses the Net.
13:28 of 2nd period - Shot by Nazem Kadri.
13:28 of 2nd period - Stopped by Thatcher Demko without a rebound.
13:29 of 2nd period - Travis Boyd wins face-off versus Eetu Luostarinen in BUFFALO Sabres zone.
13:34 of 2nd period - Shot by Klim Kostin.
13:34 of 2nd period - Stopped by Thatcher Demko without a rebound.
13:35 of 2nd period - Victor Olofsson wins face-off versus Ryan Johansen in BUFFALO Sabres zone.
13:35 of 2nd period - Travis Boyd is hit by Tyler Myers and loses puck.
14:05 of 2nd period - Victor Olofsson is hit by Tyler Myers and loses puck.
14:16 of 2nd period - Shot by Klim Kostin.
14:16 of 2nd period - Shot Misses the Net.
14:31 of 2nd period - Icing by Madison Bowey.
14:32 of 2nd period - Nazem Kadri wins face-off versus Eetu Luostarinen in ARIZONA Coyotes zone.
14:48 of 2nd period - Ivan Barbashev is hit by Matthew Tkachuk and loses puck.
14:59 of 2nd period - Nazem Kadri is hit by Joel Farabee and loses puck.
15:10 of 2nd period - Shot by Eetu Luostarinen.
15:10 of 2nd period - Shot Blocked by Dougie Hamilton.
15:12 of 2nd period - Shot by Ivan Barbashev.
15:12 of 2nd period - Stopped by Andrei Vasilevsky with a rebound.
15:14 of 2nd period - Shot by Eetu Luostarinen.
15:14 of 2nd period - Shot Misses the Net.
16:02 of 2nd period - Icing by Braden Schneider.
16:03 of 2nd period - Dillon Dube wins face-off versus Sam Gagner in ARIZONA Coyotes zone.
16:03 of 2nd period - Dillon Dube is hit by Sam Gagner.
16:18 of 2nd period - Carl Hagelin is hit by Nelson Nogier and loses puck.
16:38 of 2nd period - Minor Penalty to Nelson Nogier for Roughing.
16:39 of 2nd period - Nazem Kadri wins face-off versus Ryan Johansen in BUFFALO Sabres zone.
16:40 of 2nd period - Shot by Madison Bowey.
16:40 of 2nd period - Goal by Madison Bowey - BUFFALO Sabres : 0 - ARIZONA Coyotes : 3.
16:41 of 2nd period - Ryan Johansen wins face-off versus Nazem Kadri in neutral zone.
16:48 of 2nd period - Shot by Conor Sheary.
16:48 of 2nd period - Shot Misses the Net.
17:06 of 2nd period - Shot by Matthew Tkachuk.
17:06 of 2nd period - Stopped by Thatcher Demko without a rebound.
17:07 of 2nd period - Brayden Point wins face-off versus Sam Gagner in BUFFALO Sabres zone.
17:07 of 2nd period - Brayden Point is hit by Timothy Liljegren.
17:12 of 2nd period - Icing by Hampus Lindholm.
17:13 of 2nd period - Sam Gagner wins face-off versus Brayden Point in BUFFALO Sabres zone.
17:28 of 2nd period - Shot by Robby Fabbri.
17:28 of 2nd period - Stopped by Andrei Vasilevsky without a rebound.
17:29 of 2nd period - Ryan Johansen wins face-off versus Nazem Kadri in ARIZONA Coyotes zone.
17:39 of 2nd period - Icing by Madison Bowey.
17:40 of 2nd period - Nazem Kadri wins face-off versus Sam Gagner in ARIZONA Coyotes zone.
18:47 of 2nd period - Icing by Nelson Nogier.
18:48 of 2nd period - Ryan Johansen wins face-off versus Brayden Point in BUFFALO Sabres zone.
18:48 of 2nd period - Ryan Johansen is hit by Victor Olofsson.
18:54 of 2nd period - Shot by Brayden Point.
18:54 of 2nd period - Shot Misses the Net.
19:06 of 2nd period - Shot by Mikhail Grigorenko.
19:06 of 2nd period - Shot Misses the Net.
19:15 of 2nd period - Mikhail Grigorenko is hit by Sean Durzi.
19:26 of 2nd period - Shot by Mikhail Grigorenko.
19:26 of 2nd period - Stopped by Andrei Vasilevsky with a rebound.
19:47 of 2nd period - Minor Penalty to Dillon Dube for Holding.
19:48 of 2nd period - Brayden Point wins face-off versus Sam Gagner in ARIZONA Coyotes zone.
Goals for this period are 0 for BUFFALO Sabres vs 1 for ARIZONA Coyotes .
Shots for this period are 10 for BUFFALO Sabres vs 7 for ARIZONA Coyotes .

3rd period


0:01 of 3rd period - Brayden Point wins face-off versus Sam Gagner in neutral zone.
0:14 of 3rd period - Shot by Robby Fabbri.
0:14 of 3rd period - Goal by Robby Fabbri - BUFFALO Sabres : 1 - ARIZONA Coyotes : 3.
0:15 of 3rd period - Klim Kostin wins face-off versus Eetu Luostarinen in neutral zone.
0:23 of 3rd period - Shot by Joel Farabee.
0:23 of 3rd period - Stopped by Andrei Vasilevsky without a rebound.
0:24 of 3rd period - Robby Fabbri wins face-off versus Brayden Point in ARIZONA Coyotes zone.
0:24 of 3rd period - Brandon Saad is hit by Madison Bowey and loses puck.
1:32 of 3rd period - Off-side.
1:33 of 3rd period - Mikhail Grigorenko wins face-off versus Nazem Kadri in neutral zone.
1:43 of 3rd period - Shot by Conor Sheary.
1:43 of 3rd period - Stopped by Andrei Vasilevsky without a rebound.
1:44 of 3rd period - Eetu Luostarinen wins face-off versus Dillon Dube in ARIZONA Coyotes zone.
2:47 of 3rd period - Icing by Tyler Myers.
2:48 of 3rd period - Eetu Luostarinen wins face-off versus Nazem Kadri in BUFFALO Sabres zone.
2:48 of 3rd period - Eetu Luostarinen is hit by Matthew Tkachuk.
3:03 of 3rd period - Minor Penalty to Dougie Hamilton for Roughing.
3:03 of 3rd period - Minor Penalty to Eetu Luostarinen for Hooking.
3:04 of 3rd period - Nazem Kadri wins face-off versus Robby Fabbri in ARIZONA Coyotes zone.
3:15 of 3rd period - Shot by Timo Meier.
3:15 of 3rd period - Deflect By Nazem Kadri.
3:15 of 3rd period - Stopped by Thatcher Demko without a rebound.
3:16 of 3rd period - Robby Fabbri wins face-off versus Timo Meier in BUFFALO Sabres zone.
3:39 of 3rd period - Sam Gagner is hit by Timo Meier and loses puck.
3:56 of 3rd period - Shot by Nazem Kadri.
3:56 of 3rd period - Stopped by Thatcher Demko without a rebound.
3:57 of 3rd period - Nazem Kadri wins face-off versus Robby Fabbri in BUFFALO Sabres zone.
4:12 of 3rd period - Shot by Sam Gagner.
4:12 of 3rd period - Shot Misses the Net.
4:14 of 3rd period - Shot by Sam Gagner.
4:14 of 3rd period - Stopped by Andrei Vasilevsky without a rebound.
4:15 of 3rd period - Brayden Point wins face-off versus Brandon Saad in ARIZONA Coyotes zone.
4:24 of 3rd period - Shot by Victor Olofsson.
4:24 of 3rd period - Shot Blocked by Hampus Lindholm.
4:28 of 3rd period - Shot by Brayden Point.
4:28 of 3rd period - Shot Blocked by Hampus Lindholm.
4:30 of 3rd period - Shot by Brayden Point.
4:30 of 3rd period - Shot Blocked by Timothy Liljegren.
4:49 of 3rd period - Icing by Hampus Lindholm.
4:50 of 3rd period - Nazem Kadri wins face-off versus Brandon Saad in BUFFALO Sabres zone.
4:58 of 3rd period - Icing by Timothy Liljegren.
4:59 of 3rd period - Nazem Kadri wins face-off versus Brandon Saad in BUFFALO Sabres zone.
5:58 of 3rd period - Icing by Eetu Luostarinen.
5:59 of 3rd period - Nazem Kadri wins face-off versus Eetu Luostarinen in BUFFALO Sabres zone.
6:07 of 3rd period - Icing by Tyler Myers.
6:08 of 3rd period - Eetu Luostarinen wins face-off versus Nazem Kadri in BUFFALO Sabres zone.
6:10 of 3rd period - Icing by Nelson Nogier.
6:11 of 3rd period - Eetu Luostarinen wins face-off versus Nazem Kadri in BUFFALO Sabres zone.
6:21 of 3rd period - Icing by Madison Bowey.
6:22 of 3rd period - Nazem Kadri wins face-off versus Sam Gagner in ARIZONA Coyotes zone.
6:50 of 3rd period - Shot by Sam Gagner.
6:50 of 3rd period - Shot Misses the Net.
6:52 of 3rd period - Shot by Sam Gagner.
6:52 of 3rd period - Goal by Sam Gagner - BUFFALO Sabres : 2 - ARIZONA Coyotes : 3.
6:53 of 3rd period - Brayden Point wins face-off versus Ryan Johansen in neutral zone.
7:13 of 3rd period - Shot by Timo Meier.
7:13 of 3rd period - Shot Misses the Net.
7:15 of 3rd period - Shot by Timo Meier.
7:15 of 3rd period - Stopped by Thatcher Demko without a rebound.
7:16 of 3rd period - Eetu Luostarinen wins face-off versus Dillon Dube in BUFFALO Sabres zone.
7:33 of 3rd period - Ivan Barbashev is hit by Justin Abdelkader.
7:41 of 3rd period - Shot by Joel Farabee.
7:41 of 3rd period - Shot Blocked by Justin Abdelkader.
7:56 of 3rd period - Justin Abdelkader is hit by Hampus Lindholm and loses puck.
8:17 of 3rd period - Shot by Matthew Tkachuk.
8:17 of 3rd period - Stopped by Thatcher Demko with a rebound.
8:19 of 3rd period - Shot by Matthew Tkachuk.
8:19 of 3rd period - Shot Misses the Net.
8:21 of 3rd period - Shot by Matt Boldy.
8:21 of 3rd period - Shot Misses the Net.
8:23 of 3rd period - Shot by Nazem Kadri.
8:23 of 3rd period - Goal by Nazem Kadri - BUFFALO Sabres : 2 - ARIZONA Coyotes : 4.
8:23 of 3rd period - Michael Hutchinson enters game.
8:24 of 3rd period - Sam Gagner wins face-off versus Brayden Point in neutral zone.
8:38 of 3rd period - Icing by Sean Durzi.
8:39 of 3rd period - Conor Sheary wins face-off versus Brayden Point in ARIZONA Coyotes zone.
8:50 of 3rd period - Shot by Sean Durzi.
8:50 of 3rd period - Stopped by Michael Hutchinson without a rebound.
8:51 of 3rd period - Sam Gagner wins face-off versus Nazem Kadri in BUFFALO Sabres zone.
9:04 of 3rd period - Shot by Matt Boldy.
9:04 of 3rd period - Shot Blocked by Nelson Nogier.
9:06 of 3rd period - Shot by Nazem Kadri.
9:06 of 3rd period - Stopped by Michael Hutchinson without a rebound.
9:07 of 3rd period - Brayden Point wins face-off versus Ryan Johansen in BUFFALO Sabres zone.
9:10 of 3rd period - Shot by Brayden Point.
9:10 of 3rd period - Stopped by Michael Hutchinson without a rebound.
9:11 of 3rd period - Nazem Kadri wins face-off versus Sam Gagner in BUFFALO Sabres zone.
10:06 of 3rd period - Icing by Madison Bowey.
10:07 of 3rd period - Ryan Johansen wins face-off versus Nazem Kadri in ARIZONA Coyotes zone.
10:19 of 3rd period - Matthew Tkachuk is hit by Ryan Johansen and loses puck.
10:26 of 3rd period - Madison Bowey is hit by Ryan Johansen and loses puck.
10:30 of 3rd period - Off-side.
10:31 of 3rd period - Brayden Point wins face-off versus Jesper Boqvist in neutral zone.
10:40 of 3rd period - Shot by Victor Olofsson.
10:40 of 3rd period - Stopped by Michael Hutchinson without a rebound.
10:41 of 3rd period - Brayden Point wins face-off versus Eetu Luostarinen in BUFFALO Sabres zone.
10:44 of 3rd period - Shot by Brayden Point.
10:44 of 3rd period - Deflect By Timo Meier.
10:44 of 3rd period - Stopped by Michael Hutchinson with a rebound.
10:58 of 3rd period - Shot by Ivan Barbashev.
10:58 of 3rd period - Shot Misses the Net.
11:00 of 3rd period - Shot by Joel Farabee.
11:00 of 3rd period - Stopped by Andrei Vasilevsky without a rebound.
11:01 of 3rd period - Sam Gagner wins face-off versus Dillon Dube in ARIZONA Coyotes zone.
11:16 of 3rd period - Shot by Sam Gagner.
11:16 of 3rd period - Stopped by Andrei Vasilevsky without a rebound.
11:17 of 3rd period - Ryan Johansen wins face-off versus Brayden Point in ARIZONA Coyotes zone.
12:00 of 3rd period - Shot by Brayden Point.
12:00 of 3rd period - Stopped by Michael Hutchinson without a rebound.
12:01 of 3rd period - Nazem Kadri wins face-off versus Sam Gagner in BUFFALO Sabres zone.
12:01 of 3rd period - Nazem Kadri is hit by Timothy Liljegren.
12:11 of 3rd period - Shot by Nazem Kadri.
12:11 of 3rd period - Shot Misses the Net.
12:28 of 3rd period - Nazem Kadri is hit by Timothy Liljegren and loses puck.
12:40 of 3rd period - Robby Fabbri is hit by Madison Bowey and loses puck.
12:52 of 3rd period - Icing by Dougie Hamilton.
12:53 of 3rd period - Nazem Kadri wins face-off versus Jesper Boqvist in ARIZONA Coyotes zone.
13:23 of 3rd period - Michael Del Zotto is hit by Madison Bowey and loses puck.
13:43 of 3rd period - Minor Penalty to Timo Meier for Hooking.
13:44 of 3rd period - Ryan Johansen wins face-off versus Brayden Point in ARIZONA Coyotes zone.
13:47 of 3rd period - Shot by Mikhail Grigorenko.
13:47 of 3rd period - Shot Misses the Net.
14:01 of 3rd period - Shot by Carl Hagelin.
14:01 of 3rd period - Deflect By Brayden Point.
14:01 of 3rd period - Shot Blocked by Hampus Lindholm.
14:09 of 3rd period - Shot by Conor Sheary.
14:09 of 3rd period - Shot Misses the Net.
14:11 of 3rd period - Shot by Timothy Liljegren.
14:11 of 3rd period - Shot Blocked by Vince Dunn.
14:19 of 3rd period - Shot by Conor Sheary.
14:19 of 3rd period - Shot Misses the Net.
14:21 of 3rd period - Shot by Hampus Lindholm.
14:21 of 3rd period - Shot Blocked by Sean Durzi.
14:51 of 3rd period - Shot by Robby Fabbri.
14:51 of 3rd period - Stopped by Andrei Vasilevsky without a rebound.
14:52 of 3rd period - Sam Gagner wins face-off versus Brayden Point in ARIZONA Coyotes zone.
14:57 of 3rd period - Shot by Robby Fabbri.
14:57 of 3rd period - Stopped by Andrei Vasilevsky without a rebound.
14:58 of 3rd period - Sam Gagner wins face-off versus Brayden Point in ARIZONA Coyotes zone.
15:00 of 3rd period - Robby Fabbri is hit by Sean Durzi.
15:01 of 3rd period - Robby Fabbri from BUFFALO Sabres is injured at 15:01 of 3rd period (Right Hand).
15:02 of 3rd period - Brayden Point wins face-off versus Brandon Saad in ARIZONA Coyotes zone.
15:11 of 3rd period - Madison Bowey is hit by Joel Farabee and loses puck.
15:34 of 3rd period - Shot by Joel Farabee.
15:34 of 3rd period - Stopped by Andrei Vasilevsky without a rebound.
15:35 of 3rd period - Nazem Kadri wins face-off versus Ryan Johansen in ARIZONA Coyotes zone.
15:40 of 3rd period - Tyler Myers is hit by Carl Hagelin and loses puck.
16:17 of 3rd period - Shot by Jesper Boqvist.
16:17 of 3rd period - Deflect By Warren Foegele.
16:17 of 3rd period - Shot Misses the Net.
16:49 of 3rd period - Shot by Dillon Dube.
16:49 of 3rd period - Goal by Dillon Dube - BUFFALO Sabres : 2 - ARIZONA Coyotes : 5.
16:50 of 3rd period - Nazem Kadri wins face-off versus Sam Gagner in neutral zone.
17:04 of 3rd period - Off-side.
17:05 of 3rd period - Justin Abdelkader wins face-off versus Ryan Johansen in neutral zone.
19:52 of 3rd period - Hampus Lindholm is hit by Matthew Tkachuk and loses puck.
Goals for this period are 2 for BUFFALO Sabres vs 2 for ARIZONA Coyotes .
Shots for this period are 10 for BUFFALO Sabres vs 12 for ARIZONA Coyotes .